[Event "Titled Tuesday Blitz December 20 Early 2022"]
[White "gammagramma"]
[Black "Luks, Artur"]
[BlackFideId "21808856"]
[WhiteElo "2716"]
[BlackElo "1577"]
[Result "0-1"]
[Round "01"]
[TimeControl "180+2"]
[Date "2022.12.20"]
[WhiteClock "0:00:03"]
[BlackClock "0:00:28"]

1. Nf3 d5 2. g3 Nc6 3. Bg2 e5 4. d4 e4 5. Ne5 Bd6 6. Nxc6 bxc6 7. c4 Nf6 8. Nc3 h6 9. O-O O-O 10. f3 exf3 11. exf3 dxc4 12. Qa4 Bd7 13. Qxc4 Rb8 14. b3 Be6 15. Qd3 Qd7 16. Be3 Bf5 17. Qa6 Bb4 18. Ne4 Bxe4 19. fxe4 Ng4 20. Qe2 Nxe3 21. Qxe3 Rfe8 22. Rad1 f6 23. Kh1 Rbd8 24. Rd3 Qe7 25. Rc1 Rd6 26. Rc4 Ba5 27. Qc1 Qd7 28. Bf3 Bb6 29. Kg2 Rd8 30. e5 fxe5 31. Bxc6 Qe7 32. d5 e4 33. Rd1 Rf8 34. Re1 Rf2+ 35. Kh1 e3 36. Qd1 Qf6 37. Qg4 Ba5 38. Rg1 e2 39. Qc8+ Kh7 40. Qe8 Qf3+ 41. Rg2 Rf1# 0-1


[Site "https://www.chess.com"]

[Event "Titled Tuesday Blitz December 20 Early 2022"]
[White "googlegoom"]
[Black "Suduvasachmatai"]
[WhiteElo "2581"]
[BlackElo "2110"]
[Result "1-0"]
[Round "01"]
[TimeControl "180+2"]
[Date "2022.12.20"]
[WhiteClock "0:00:17"]
[BlackClock "0:00:07"]

1. Nf3 d5 2. b3 c5 3. Bb2 Nc6 4. e3 Nf6 5. Be2 Bg4 6. O-O e6 7. d4 cxd4 8. Nxd4 Bxe2 9. Qxe2 Nxd4 10. Bxd4 Bd6 11. Nd2 O-O 12. c4 e5 13. Bb2 Re8 14. cxd5 Nxd5 15. Ne4 Bb8 16. Rfd1 Qh4 17. Qb5 Nc7 18. Qc4 Ne6 19. g3 Qh6 20. Nd6 Bxd6 21. Rxd6 Rad8 22. Bxe5 Rxd6 23. Bxd6 Ng5 24. Ba3 Nf3+ 25. Kg2 Ne5 26. Qe2 Qc6+ 27. f3 g6 28. Bb2 Nd7 29. Rc1 Qe6 30. e4 Nb6 31. Qd3 Rc8 32. Qd4 f6 33. Rxc8+ Qxc8 34. Qxf6 Qc2+ 35. Kh3 Qc8+ 36. Kh4 Qc2 37. Qg7# 1-0


[Site "https://www.chess.com"]

[Event "Titled Tuesday Blitz December 20 Early 2022"]
[White "gross-aleks"]
[Black "Tsyhanchuk_Stanislav"]
[WhiteElo "2616"]
[BlackElo "2335"]
[Result "0-1"]
[Round "01"]
[TimeControl "180+2"]
[Date "2022.12.20"]
[WhiteClock "0:01:48"]
[BlackClock "0:01:25"]

1. c4 c5 2. Nc3 Nc6 3. Nf3 g6 4. d4 cxd4 5. Nxd4 Bg7 6. Nc2 Nf6 7. g3 O-O 8. Bg2 d6 9. O-O Bd7 10. b3 Qc8 11. Re1 Bh3 12. Bh1 Ng4 13. Qd3 Nge5 0-1


[Site "https://www.chess.com"]

[Event "Titled Tuesday Blitz December 20 Early 2022"]
[White "icychess54"]
[Black "Er_is_geen_hoop_meer"]
[WhiteElo "2186"]
[BlackElo "2538"]
[Result "1-0"]
[Round "01"]
[TimeControl "180+2"]
[Date "2022.12.20"]
[WhiteClock "0:00:33"]
[BlackClock "0:00:52"]

1. c4 g6 2. Nf3 Bg7 3. e3 b6 4. Be2 Bb7 5. O-O e6 6. Nc3 Ne7 7. b3 O-O 8. Bb2 d6 9. d4 Nd7 10. Qc2 h6 11. e4 e5 12. dxe5 dxe5 13. Rfd1 Qc8 14. Nd5 Re8 15. Ba3 Nxd5 16. cxd5 c6 17. dxc6 Qxc6 18. Qxc6 Bxc6 19. Rac1 Rec8 20. Rxc6 Rxc6 21. Rxd7 Rc2 22. Rd2 Rac8 23. Bc4 Rxd2 24. Nxd2 b5 25. Bxb5 Rc2 26. Bb4 Rxa2 27. h4 f5 28. Bc4+ Kh7 29. h5 f4 30. Nf3 gxh5 31. Bc3 a5 32. Bxe5 Bf8 33. Bxf4 Bc5 34. Be3 Bxe3 35. fxe3 a4 36. bxa4 Rxa4 37. Bd5 Kg7 38. e5 Ra5 39. e4 Kg6 40. e6 Kf6 41. Nd4 Ra1+ 42. Kh2 h4 43. Nf5 h5 44. e7 Ke5 45. e8=Q+ Kf4 46. Qxh5 h3 47. Qf3+ Ke5 48. Qc3+ Kf4 49. Qg3# 1-0


[Site "https://www.chess.com"]

[Event "Titled Tuesday Blitz December 20 Early 2022"]
[White "lemayvega"]
[Black "larsmandreassen"]
[WhiteElo "2529"]
[BlackElo "2215"]
[Result "1-0"]
[Round "01"]
[TimeControl "180+2"]
[Date "2022.12.20"]
[WhiteClock "0:00:37"]
[BlackClock "0:00:21"]

1. e4 d5 2. exd5 Nf6 3. Nc3 Nxd5 4. Bc4 Nb6 5. Bb3 Nc6 6. h3 Bf5 7. Nf3 e6 8. O-O Be7 9. Re1 O-O 10. a3 Bf6 11. d3 a5 12. Bf4 Bxc3 13. bxc3 Nd5 14. Bd2 a4 15. Ba2 h6 16. Qe2 Qd6 17. Reb1 b6 18. Qe1 Nf6 19. Bc1 Rfd8 20. Rb5 Ra5 21. Rab1 Rxb5 22. Rxb5 Bg6 23. Bb2 Bh7 24. Qe3 Na7 25. Rb4 Nd5 26. Qd2 Nxb4 27. cxb4 b5 28. Qc3 f6 29. Nd4 Re8 30. Qc5 Qxc5 31. bxc5 c6 32. Nxe6 Kh8 33. Nd4 Re1+ 34. Kh2 Bg8 35. Bxg8 Kxg8 36. Bc3 Rc1 37. Ba5 Kf7 38. Bb6 Nc8 39. Ba5 Na7 40. Kg3 Ke7 41. Kf3 Kd7 42. Bb6 Nc8 43. Ba5 Ra1 44. Bb4 Rb1 45. Ke2 Rxb4 46. axb4 a3 47. Nb3 Ne7 48. Kd2 Nd5 49. c3 Ke6 50. g3 f5 51. Kc2 f4 52. Nd4+ Ke5 53. Nxc6+ Kf5 54. Nd4+ Ke5 55. Nxb5 fxg3 56. fxg3 a2 57. Kb2 Ne3 58. Kxa2 Nf5 59. g4 1-0


[Site "https://www.chess.com"]

[Event "Titled Tuesday Blitz December 20 Early 2022"]
[White "maurovargas01"]
[Black "Pitcher, John"]
[BlackFideId "411485"]
[WhiteElo "1920"]
[BlackElo "2210"]
[Result "0-1"]
[Round "01"]
[TimeControl "180+2"]
[Date "2022.12.20"]
[WhiteClock "0:02:06"]
[BlackClock "0:01:46"]

1. e4 c6 2. d4 d5 3. e5 Bf5 4. g4 Bg6 5. h4 h5 6. e6 hxg4 7. exf7+ Bxf7 8. Qxg4 Nf6 9. Qd1 Qc7 10. Bd3 e5 11. dxe5 Qxe5+ 12. Qe2 Bd6 13. Nf3 Qxe2+ 14. Bxe2 Nbd7 15. Bg5 O-O-O 16. Nc3 Rde8 17. O-O-O Bh5 18. Nd4 Bxe2 19. Ndxe2 Nc5 20. Rhe1 Nfe4 21. Nxe4 Nxe4 22. Ng3 Nxf2 23. Rxe8+ Rxe8 24. Rf1 Bxg3 0-1


[Site "https://www.chess.com"]

[Event "Titled Tuesday Blitz December 20 Early 2022"]
[White "milovichalex"]
[Black "Leon-Black"]
[WhiteElo "2303"]
[BlackElo "2634"]
[Result "0-1"]
[Round "01"]
[TimeControl "180+2"]
[Date "2022.12.20"]
[WhiteClock "0:00:19"]
[BlackClock "0:00:32"]

1. e4 e5 2. Nf3 Nc6 3. Bb5 a6 4. Ba4 Nf6 5. O-O b5 6. Bb3 Bc5 7. Bd5 O-O 8. Bxc6 dxc6 9. d3 Nd7 10. Be3 Bd6 11. a4 Rb8 12. b3 c5 13. axb5 axb5 14. Nc3 Re8 15. Bg5 f6 16. Be3 Nf8 17. h3 Ne6 18. Nh4 Nd4 19. Bxd4 cxd4 20. Ne2 Be6 21. Qd2 Qd7 22. Ng3 Ra8 23. Ra5 g6 24. Rfa1 Qc6 25. Nf3 Kg7 26. Nh2 h5 27. Nf3 Bc5 28. Nh4 Bf8 29. Qe2 Rxa5 30. Rxa5 Bf7 31. Qe1 Qxc2 32. Rxb5 Qxd3 33. Rb7 Qc2 34. Qa5 Bd6 35. Qa7 Qc1+ 36. Kh2 Qf4 37. Kg1 Qxh4 0-1


[Site "https://www.chess.com"]

[Event "Titled Tuesday Blitz December 20 Early 2022"]
[White "nikitakhoroshev"]
[Black "EdgePlosion"]
[WhiteElo "2709"]
[BlackElo "2420"]
[Result "1-0"]
[Round "01"]
[TimeControl "180+2"]
[Date "2022.12.20"]
[WhiteClock "0:00:08"]
[BlackClock "0:00:11"]

1. d4 Nf6 2. c4 g6 3. Nc3 Bg7 4. Nf3 O-O 5. e4 d6 6. Be2 e5 7. dxe5 dxe5 8. Bg5 c6 9. Qxd8 Rxd8 10. h3 h6 11. Be3 Re8 12. O-O-O Na6 13. c5 Nc7 14. Rd6 Nh5 15. Rhd1 Nf4 16. Bf1 Be6 17. b3 f6 18. Kc2 g5 19. g3 Ng6 20. Rd7 Bxd7 21. Rxd7 Re7 22. Bc4+ Kf8 23. Rd1 Ke8 24. b4 Rd8 25. Rb1 Nf8 26. a4 Nfe6 27. Ne2 Red7 28. b5 f5 29. exf5 Nd4+ 30. Bxd4 exd4 31. Ne1 Nd5 32. bxc6 bxc6 33. Nd3 Nc3 34. Nxc3 dxc3 35. Re1+ Kf8 36. Re6 Rd4 37. Ba6 Rxa4 38. Rxc6 Ra2+ 39. Kb3 Rd2 40. f6 c2 41. fxg7+ Kxg7 42. Kb2 Rb8+ 43. Kc1 Re2 44. Rc7+ Kf6 45. Rc6+ Ke7 46. Rc7+ Kd8 47. Rb7 Rxb7 48. Bxb7 Kc7 49. Bf3 Rd2 50. Kxd2 1-0


[Site "https://www.chess.com"]

[Event "Titled Tuesday Blitz December 20 Early 2022"]
[White "pheonixking2000"]
[Black "GuessChess_game"]
[WhiteElo "2806"]
[BlackElo "2424"]
[Result "0-1"]
[Round "01"]
[TimeControl "180+2"]
[Date "2022.12.20"]
[WhiteClock "0:00:35"]
[BlackClock "0:00:20"]

1. e4 Nc6 2. Nf3 d6 3. d4 Nf6 4. Nc3 Bg4 5. Be3 e6 6. Be2 Be7 7. O-O d5 8. e5 Ne4 9. h3 Bf5 10. Nxe4 Bxe4 11. c3 O-O 12. Bd3 Bxd3 13. Qxd3 f6 14. exf6 Bxf6 15. Rae1 e5 16. dxe5 Nxe5 17. Nxe5 Bxe5 18. Bc5 Re8 19. f4 Bf6 20. Rxe8+ Qxe8 21. Qxd5+ Kh8 22. Qxb7 Rb8 23. Qxc7 Rxb2 24. Bd4 Bxd4+ 25. cxd4 h6 26. Qe5 Qa4 27. Rf3 Rd2 28. d5 Qd1+ 29. Rf1 Qc2 30. f5 Rxg2+ 31. Kh1 Re2 32. Qd4 Rh2+ 0-1


[Site "https://www.chess.com"]

[Event "Titled Tuesday Blitz December 20 Early 2022"]
[White "politeplayer"]
[Black "Mikusinski, Bartosz"]
[BlackFideId "1111256"]
[WhiteElo "2244"]
[BlackElo "2090"]
[Result "1/2-1/2"]
[Round "01"]
[TimeControl "180+2"]
[Date "2022.12.20"]
[WhiteClock "0:00:12"]
[BlackClock "0:00:02"]

1. e4 c5 2. Nf3 d6 3. d4 cxd4 4. Nxd4 Nf6 5. Nc3 g6 6. Be3 Bg7 7. f3 O-O 8. Qd2 Nc6 9. Bc4 Bd7 10. Bb3 Rc8 11. h4 Ne5 12. O-O-O h5 13. Rhe1 Qa5 14. Kb1 Rxc3 15. Qxc3 Qxc3 16. bxc3 Rc8 17. Kb2 a5 18. a4 Nc4+ 19. Bxc4 Rxc4 20. Nb3 Nxe4 21. fxe4 Bxc3+ 22. Kb1 Bxe1 23. Rxe1 Rxe4 24. Nxa5 Bxa4 25. Bd2 Rxe1+ 26. Bxe1 Bc6 27. g3 Bd5 28. c4 Be4+ 29. Kb2 f6 30. Bf2 Kf7 31. c5 dxc5 32. Bxc5 Bd5 33. Kc3 e5 34. Nc4 Ke6 35. Ne3 f5 36. Ba7 f4 37. gxf4 exf4 38. Nxd5 Kxd5 39. Kd3 Ke5 40. Ke2 Ke4 41. Kf2 b5 42. Bc5 f3 43. Kg3 Kd5 44. Bf8 Ke4 45. Bc5 Kd5 46. Bf8 Ke4 47. Bc5 1/2-1/2


[Site "https://www.chess.com"]

[Event "Titled Tuesday Blitz December 20 Early 2022"]
[White "queen_iryna"]
[Black "Andrei_Skvortsov"]
[WhiteElo "2354"]
[BlackElo "2717"]
[Result "0-1"]
[Round "01"]
[TimeControl "180+2"]
[Date "2022.12.20"]
[WhiteClock "0:00:20"]
[BlackClock "0:00:48"]

1. e4 d5 2. exd5 Qxd5 3. Nc3 Qe5+ 4. Nge2 Nf6 5. d4 Qa5 6. Bd2 c6 7. Nf4 Qb6 8. Bc4 Qxd4 9. Bb3 Bg4 10. Nfe2 Qd6 11. O-O e6 12. f3 Bh5 13. Nf4 Bg6 14. Re1 Be7 15. Qe2 O-O 16. Rad1 Qc5+ 17. Be3 Qe5 18. Nxg6 hxg6 19. f4 Qa5 20. g4 Bc5 21. g5 Nh5 22. Kh1 Na6 23. Rd7 Bxe3 24. Qxe3 Nc5 25. Rd4 Rad8 26. Red1 Rxd4 27. Qxd4 Nxb3 28. axb3 Qf5 29. Ne2 Qxc2 30. Ng3 Nxf4 31. Rd2 e5 32. Qd6 Qxb3 33. Qxe5 Qf3+ 0-1


[Site "https://www.chess.com"]

[Event "Titled Tuesday Blitz December 20 Early 2022"]
[White "santosalberto1987"]
[Black "Oleksandr_Bortnyk"]
[WhiteElo "2495"]
[BlackElo "2984"]
[Result "0-1"]
[Round "01"]
[TimeControl "180+2"]
[Date "2022.12.20"]
[WhiteClock "0:00:03"]
[BlackClock "0:00:12"]

1. d4 d6 2. Nf3 Nf6 3. Bf4 b6 4. h3 Bb7 5. e3 Nbd7 6. Be2 e6 7. O-O Be7 8. Nbd2 h6 9. c3 g5 10. Bh2 g4 11. hxg4 Nxg4 12. Bg3 Rg8 13. a4 Nxe3 14. fxe3 Rxg3 15. a5 Bg5 16. e4 Be3+ 17. Kh2 Bf4 18. Kg1 Nf6 19. Bd3 Ng4 20. Qe2 Qf6 21. axb6 Be3+ 22. Kh1 Qg6 23. Nh2 Qh5 24. Nf3 cxb6 25. d5 exd5 26. exd5 Bxd5 27. Rae1 Kf8 28. Qc2 Re8 29. Re2 Nxh2 30. Nxh2 Rh3 0-1


[Site "https://www.chess.com"]

[Event "Titled Tuesday Blitz December 20 Early 2022"]
[White "sergeikim"]
[Black "romulocardoso"]
[WhiteElo "2606"]
[BlackElo "2390"]
[Result "0-1"]
[Round "01"]
[TimeControl "180+2"]
[Date "2022.12.20"]
[WhiteClock "0:00:18"]
[BlackClock "0:00:14"]

1. d4 Nf6 2. c4 e6 3. Nc3 Bb4 4. Qc2 O-O 5. a3 Bxc3+ 6. Qxc3 d5 7. Nf3 c5 8. dxc5 Nbd7 9. b4 a5 10. Bb2 Qe7 11. e3 Re8 12. cxd5 exd5 13. Bb5 Rd8 14. O-O Nf8 15. h3 Ng6 16. Rad1 Be6 17. Nd4 Ne4 18. Nf5 Nxc3 19. Nxe7+ Nxe7 20. Bxc3 axb4 21. axb4 Ra3 22. Be5 Nc6 23. Bxc6 bxc6 24. Ra1 Rda8 25. Rxa3 Rxa3 26. Rb1 Bd7 27. Bd4 f6 28. Rb2 Kf7 29. f3 Ke6 30. Kf2 h5 31. Kg3 g5 32. h4 Kf5 33. Rd2 Rb3 34. Rb2 Rxb2 35. Bxb2 Be8 36. Bd4 Bd7 37. hxg5 fxg5 38. Kf2 Be8 39. Ke2 g4 40. Kf2 Bd7 41. Kg3 Be8 42. Kh4 Bf7 43. Bg7 Kg6 44. Bf8 Be6 45. Be7 Kf7 46. Bd8 Kg6 47. e4 dxe4 48. fxe4 Bd7 49. Kg3 Kf7 50. Kf4 Ke6 51. Bg5 Be8 52. Bh6 Bd7 53. Bg7 Kf7 54. Bd4 Ke6 55. Kg5 Be8 56. g3 Bf7 57. Bc3 Be8 58. Bg7 Bf7 59. Bf8 Be8 60. Bd6 Bf7 61. Kh6 Be8 62. Kg7 Bf7 63. Bc7 Be8 64. Kf8 Bg6 65. e5 h4 66. b5 h3 67. b6 h2 68. b7 h1=Q 0-1


[Site "https://www.chess.com"]

[Event "Titled Tuesday Blitz December 20 Early 2022"]
[White "sofaceindisguise"]
[Black "DIMONBANAN"]
[WhiteElo "2741"]
[BlackElo "2416"]
[Result "1-0"]
[Round "01"]
[TimeControl "180+2"]
[Date "2022.12.20"]
[WhiteClock "0:00:40"]
[BlackClock "0:00:27"]

1. d4 d5 2. c4 e6 3. Nf3 Nf6 4. Nc3 Be7 5. Bf4 O-O 6. e3 c5 7. dxc5 dxc4 8. Bxc4 Bxc5 9. Qb3 a6 10. Rf1 b5 11. Be2 Bb7 12. Rd1 Qb6 13. g4 Rd8 14. Rxd8+ Qxd8 15. Ne5 Nbd7 16. g5 Ne4 17. Nd3 Bb6 18. Nxe4 Bxe4 19. f3 Bd5 20. Qa3 a5 21. b3 a4 22. Qb2 axb3 23. axb3 Nc5 24. Nxc5 Bxc5 25. Kf2 Ra3 26. Rd1 Qe7 27. Rd3 b4 28. h4 f6 29. gxf6 gxf6 30. Kg2 e5 31. Rxd5 exf4 32. Bc4 Kf8 33. Rxc5 Qxc5 34. Qxf6+ Ke8 35. Qxf4 Ra2+ 36. Kg3 Qe7 37. Bb5+ Kd8 38. Qb8# 1-0


[Site "https://www.chess.com"]

[Event "Titled Tuesday Blitz December 20 Early 2022"]
[White "soloderisas"]
[Black "Sunny_Star"]
[WhiteElo "2594"]
[BlackElo "2241"]
[Result "1-0"]
[Round "01"]
[TimeControl "180+2"]
[Date "2022.12.20"]
[WhiteClock "0:01:17"]
[BlackClock "0:00:03"]

1. d4 Nf6 2. Nf3 e6 3. Bf4 d5 4. e3 Bd6 5. Bg3 b6 6. Nbd2 Bb7 7. Ne5 O-O 8. Bd3 c5 9. c3 Ne4 10. Nxe4 dxe4 11. Bc2 Qc7 12. O-O f6 13. Nc4 Bxg3 14. hxg3 b5 15. Nd2 f5 16. a4 a6 17. dxc5 Qxc5 18. Nb3 Qb6 19. Qd4 Qc7 20. Qc5 Qf7 21. axb5 axb5 22. Rxa8 Bxa8 23. Ra1 Bc6 24. Ra7 Qe8 25. Nd4 Bd7 26. Bb3 Kh8 27. Qd6 e5 28. Nc2 f4 29. Bd5 Rf6 30. Qc7 fxg3 31. fxg3 Qf8 32. Ra8 Rf1+ 33. Kh2 1-0


[Site "https://www.chess.com"]

[Event "Titled Tuesday Blitz December 20 Early 2022"]
[White "szachuspl"]
[Black "tylityli"]
[WhiteElo "2642"]
[BlackElo "2334"]
[Result "1-0"]
[Round "01"]
[TimeControl "180+2"]
[Date "2022.12.20"]
[WhiteClock "0:01:52"]
[BlackClock "0:00:53"]

1. d4 Nf6 2. c4 e6 3. Nf3 Bb4+ 4. Bd2 Qe7 5. g3 Nc6 6. Bg2 O-O 7. O-O Bxd2 8. Qxd2 d6 9. Nc3 a5 10. d5 Ne5 11. Nxe5 dxe5 12. Rac1 Rd8 13. e4 Qb4 14. Qe2 Bd7 15. Rfd1 a4 16. Nb5 Qa5 17. Qd2 exd5 18. exd5 Bxb5 19. cxb5 Qb6 20. Qb4 Ra5 21. Bf1 Nxd5 22. Qe4 Qf6 23. Rxd5 1-0


[Site "https://www.chess.com"]

[Event "Titled Tuesday Blitz December 20 Early 2022"]
[White "talaicito"]
[Black "Karttunen, Mika"]
[BlackFideId "502081"]
[WhiteElo "2293"]
[BlackElo "2490"]
[Result "1/2-1/2"]
[Round "01"]
[TimeControl "180+2"]
[Date "2022.12.20"]
[WhiteClock "0:00:06"]
[BlackClock "0:00:09"]

1. d4 d5 2. Bf4 e6 3. Nc3 Bd6 4. e3 Bxf4 5. exf4 Nf6 6. Nf3 c5 7. dxc5 O-O 8. Bd3 Qc7 9. Ne5 Nbd7 10. Nb5 Qb8 11. Nd6 Nxc5 12. Nxc8 Qxc8 13. O-O Qc7 14. Re1 Rac8 15. Bf1 Na4 16. c3 Nxb2 17. Qb3 Nc4 18. Bxc4 dxc4 19. Qc2 Nd5 20. f5 exf5 21. Qxf5 Nf6 22. Re3 Rfe8 23. Rae1 Rcd8 24. Ng4 Rxe3 25. Nxf6+ gxf6 26. fxe3 Rd6 27. Rf1 Re6 28. Rf3 Qe5 29. Qg4+ Kf8 30. Qxc4 Rc6 31. Qb4+ Qe7 32. Qd4 Rd6 33. Qxa7 Rd1+ 34. Kf2 Rd2+ 35. Ke1 Qd6 36. Qa8+ Ke7 37. Qxb7+ Kd8 38. Qa8+ Kc7 39. Qa7+ Kd8 40. Qa8+ Ke7 41. Qb7+ Kf8 42. Qc8+ Ke7 43. Qb7+ 1/2-1/2


[Site "https://www.chess.com"]

[Event "Titled Tuesday Blitz December 20 Early 2022"]
[White "tdf98pantani"]
[Black "InitiatingASC"]
[WhiteElo "2734"]
[BlackElo "2412"]
[Result "1-0"]
[Round "01"]
[TimeControl "180+2"]
[Date "2022.12.20"]
[WhiteClock "0:01:03"]
[BlackClock "0:00:28"]

1. e4 c5 2. Nf3 Nc6 3. Nc3 Nf6 4. Bb5 g6 5. O-O Bg7 6. d3 O-O 7. Bxc6 bxc6 8. e5 Nd5 9. Ne4 d6 10. c4 Nc7 11. Bf4 f5 12. exf6 Bxf6 13. Nxf6+ Rxf6 14. Qd2 Ne6 15. Be3 Qf8 16. Ng5 Nxg5 17. Bxg5 Rf5 18. Bh6 Qf7 19. f4 Rh5 20. f5 Rxf5 21. g4 Rf3 22. Qg2 Rf6 23. Qxc6 Rb8 24. Rxf6 exf6 25. Qxd6 1-0


[Site "https://www.chess.com"]

[Event "Titled Tuesday Blitz December 20 Early 2022"]
[White "viditchess"]
[Black "pedromartinez91"]
[WhiteElo "2986"]
[BlackElo "2488"]
[Result "1-0"]
[Round "01"]
[TimeControl "180+2"]
[Date "2022.12.20"]
[WhiteClock "0:00:14"]
[BlackClock "0:00:02"]

1. e4 c5 2. Nf3 Nc6 3. Bb5 g6 4. O-O Bg7 5. Re1 Nf6 6. Nc3 O-O 7. h3 d6 8. d3 Bd7 9. a4 a6 10. Bc4 Na5 11. Bf4 Nxc4 12. dxc4 Nh5 13. Bd2 Bc6 14. Qe2 e6 15. Rad1 Qc7 16. Qd3 Rad8 17. Bg5 Rd7 18. b3 h6 19. Bc1 Kh7 20. g4 Nf6 21. Bf4 Rfd8 22. Re2 Qa5 23. Bd2 Qc7 24. g5 hxg5 25. Bxg5 Re8 26. Red2 Nh5 27. Re2 Qa5 28. Nb1 b5 29. axb5 axb5 30. Nbd2 Qc3 31. Qxc3 Bxc3 32. Re3 b4 33. Rd3 f5 34. Be3 f4 35. Ng5+ Kg7 36. Bxc5 dxc5 37. Rxd7+ Bxd7 38. Ndf3 Re7 39. Rd6 Kf6 40. Rb6 Bd4 41. h4 Ng7 42. Kg2 Ne8 43. Kh3 Kg7 44. e5 Bc8 45. Kg4 Bb7 46. Kxf4 Bxf3 47. Nxe6+ Kh7 48. Ng5+ Kg7 49. Nxf3 Rf7+ 50. Ke4 Nc7 51. Nxd4 cxd4 52. f4 Kf8 53. Rxg6 Ke7 54. f5 Rh7 55. Rg4 Na6 56. Kxd4 Nb8 57. Kd5 Nd7 58. f6+ Kd8 59. Kd6 Nf8 60. e6 Ke8 61. Rg8 1-0


[Site "https://www.chess.com"]

[Event "Titled Tuesday Blitz December 20 Early 2022"]
[White "vladoboch"]
[Black "Ibarra Jerez, Jose Carlos"]
[BlackFideId "2226332"]
[WhiteElo "2445"]
[BlackElo "2563"]
[Result "0-1"]
[Round "01"]
[TimeControl "180+2"]
[Date "2022.12.20"]
[WhiteClock "0:00:01"]
[BlackClock "0:00:51"]

1. e4 c5 2. Nf3 Nc6 3. d4 cxd4 4. Nxd4 e5 5. Nb5 d6 6. N1c3 a6 7. Na3 Be6 8. Nc4 Rb8 9. Ne3 Nf6 10. Be2 Be7 11. O-O O-O 12. Ned5 Nd4 13. Be3 Nxe2+ 14. Qxe2 Nxd5 15. Nxd5 Bxd5 16. exd5 f5 17. f4 Bf6 18. fxe5 Bxe5 19. c3 Qh4 20. g3 Bxg3 21. hxg3 Qxg3+ 22. Kh1 Rbe8 23. Rf3 Qh4+ 24. Qh2 Qe4 25. Rf1 Qxd5 26. Kg1 Re4 27. Bf4 Rf6 28. Kh1 h6 29. Qg2 Kh7 30. Rg3 g5 31. Bc1 f4 32. Rh3 Qe6 33. Rhf3 d5 34. Qh2 b5 35. Qc2 Qf5 36. Qg2 Qg6 37. Rh3 g4 38. Rh4 h5 39. Qh2 g3 40. Rxh5+ Kg7 41. Qh3 f3 42. Rh4 g2+ 43. Kg1 f2+ 44. Rxf2 Re1+ 0-1


[Site "https://www.chess.com"]

[Event "Titled Tuesday Blitz December 20 Early 2022"]
[White "APOKALIPSA13"]
[Black "Steegersee"]
[WhiteElo "2220"]
[BlackElo "2425"]
[Result "0-1"]
[Round "02"]
[TimeControl "180+2"]
[Date "2022.12.20"]
[WhiteClock "0:00:13"]
[BlackClock "0:00:48"]

1. e4 c5 2. Be2 Nc6 3. f4 g6 4. Nf3 Bg7 5. c3 d6 6. O-O Nf6 7. d3 O-O 8. Qe1 e6 9. Kh1 Nd7 10. Be3 b5 11. a3 Rb8 12. Nbd2 a5 13. Rc1 f5 14. Qg3 Nf6 15. Qh3 h6 16. Rfe1 Ng4 17. Bg1 e5 18. exf5 Bxf5 19. Nh4 Nf2+ 20. Bxf2 Bxh3 21. gxh3 Rxf4 22. Ndf3 Qf6 23. Bg3 g5 24. Rf1 gxh4 25. Nxh4 Rxh4 26. Rxf6 Bxf6 27. Bxh4 Bxh4 28. Bf3 Ne7 29. Rg1+ Kh8 30. Rg4 Bf6 31. h4 Bg7 32. h3 Rf8 33. Kg2 Rf4 34. Be2 Rxg4+ 35. hxg4 Nd5 36. Kf3 Nf4 37. Bf1 d5 38. g5 hxg5 39. hxg5 b4 40. axb4 axb4 41. Kg4 Kg8 42. Kf5 Kf7 43. cxb4 cxb4 44. b3 Ne6 45. Bg2 Nd4+ 46. Kg4 Ke6 47. Kh5 Nxb3 48. Kg6 Bf8 49. Kh7 Nd4 50. g6 b3 51. Bh3+ Kf6 52. Bg2 b2 53. Bxd5 b1=Q 54. Be4 Qg1 55. Kg8 Bg7 56. Bf3 Nxf3 57. d4 Qxd4 58. Kh7 Qh4+ 59. Kg8 Qh8# 0-1


[Site "https://www.chess.com"]

[Event "Titled Tuesday Blitz December 20 Early 2022"]
[White "Abundo, Casto"]
[Black "HackingKid98"]
[WhiteFideId "5200512"]
[WhiteElo "2175"]
[BlackElo "2488"]
[Result "1-0"]
[Round "02"]
[TimeControl "180+2"]
[Date "2022.12.20"]
[WhiteClock "0:00:30"]
[BlackClock "0:00:01"]

1. e4 c6 2. d4 d5 3. e5 c5 4. Nf3 cxd4 5. Qxd4 e6 6. Bd3 Ne7 7. Nc3 Ng6 8. Bxg6 hxg6 9. Bg5 Be7 10. Bxe7 Qxe7 11. Ne2 Nc6 12. Qf4 Qb4+ 13. Qxb4 Nxb4 14. Ned4 Bd7 15. Kd2 Ke7 16. c3 Nc6 17. h4 Rab8 18. Rac1 b5 19. Nxc6+ Bxc6 20. Nd4 Bd7 21. b4 f6 22. f4 fxe5 23. fxe5 Rbf8 24. Ke3 Rh5 25. Nf3 Rhf5 26. Rcd1 Rc8 27. Rd3 Rc4 28. Rh3 Re4+ 29. Kd2 Rg4 30. Rh2 Rg3 31. Rd4 Be8 32. Ke2 Rgxf3 33. gxf3 Rxe5+ 34. Kf2 Rf5 35. Rg2 Bf7 36. Rg5 e5 37. Rd1 Rf4 38. Rg4 Rf5 39. Ra1 Kf6 40. a4 a6 41. axb5 axb5 42. Ra6+ Be6 43. Ke3 Rh5 44. Rb6 Kf7 45. Rb7+ Kf6 46. Rb6 Kf7 47. Rg5 Rxh4 48. Rxe5 Bf5 49. Rxd5 Rc4 50. Rc5 Rh4 51. Rbxb5 Rh1 52. Rb7+ Kg8 53. Rcc7 Re1+ 54. Kf4 Re8 55. Rxg7+ Kh8 56. Rh7+ Kg8 57. Rbg7+ Kf8 58. Rh8+ Kxg7 59. Rxe8 Bd3 60. Re3 Bc4 61. Kg5 Kf7 62. Re5 Bd3 63. f4 Bc4 64. Rc5 Bd3 65. b5 Ke6 66. b6 Be4 67. Re5+ 1-0


[Site "https://www.chess.com"]

[Event "Titled Tuesday Blitz December 20 Early 2022"]
[White "Ademi, Sead"]
[Black "Witek, Tomasz"]
[WhiteFideId "906514"]
[BlackFideId "1130056"]
[WhiteElo "2168"]
[BlackElo "2000"]
[Result "0-1"]
[Round "02"]
[TimeControl "180+2"]
[Date "2022.12.20"]
[WhiteClock "0:01:24"]
[BlackClock "0:01:39"]

1. e4 c5 2. Nf3 Nc6 3. c4 g6 4. d4 cxd4 5. Nxd4 Nf6 6. Nc3 d6 7. Be3 Ng4 8. Bf4 Nxd4 9. Qxd4 e5 10. Qd3 exf4 11. Nd5 Bg7 12. O-O-O Nxf2 13. Qb3 Nxh1 14. c5 O-O 15. cxd6 Qxd6 16. h4 Nf2 17. Re1 Be6 18. h5 Nxe4 19. h6 Rfc8+ 20. Bc4 Qxd5 21. hxg7 Rxc4+ 22. Kb1 Nd2+ 0-1


[Site "https://www.chess.com"]

[Event "Titled Tuesday Blitz December 20 Early 2022"]
[White "Aleksandar-Topalov"]
[Black "Suduvasachmatai"]
[WhiteElo "2401"]
[BlackElo "2110"]
[Result "1-0"]
[Round "02"]
[TimeControl "180+2"]
[Date "2022.12.20"]
[WhiteClock "0:00:04"]
[BlackClock "0:00:03"]

1. b3 e5 2. Bb2 d6 3. d4 exd4 4. Qxd4 Nc6 5. Qf4 Be6 6. Nf3 Nge7 7. Nc3 Ng6 8. Qg3 Be7 9. O-O-O O-O 10. h4 f5 11. e3 Bf6 12. h5 Nge5 13. Be2 Nxf3 14. gxf3 Be5 15. f4 Bf6 16. Rdg1 d5 17. Bf3 d4 18. Nb5 dxe3 19. fxe3 Bxb2+ 20. Kxb2 Qf6+ 21. Kb1 Rad8 22. Nxc7 Bf7 23. Nb5 a6 24. Bxc6 bxc6 25. Nd4 Bd5 26. Rh2 Rd7 27. Qg5 Qf7 28. Ne2 Be4 29. Nc3 Qe6 30. Kb2 c5 31. Nxe4 Qxe4 32. h6 Qxe3 33. hxg7 Rff7 34. Rxh7 Qd4+ 35. c3 Qd2+ 36. Ka3 Rxg7 37. Rxg7+ Kf8 38. Qf6+ Ke8 39. Rg8# 1-0


[Site "https://www.chess.com"]

[Event "Titled Tuesday Blitz December 20 Early 2022"]
[White "AlexPapasimakopoulos"]
[Black "Kazgildy, Fariza"]
[BlackFideId "13724860"]
[WhiteElo "2708"]
[BlackElo "1189"]
[Result "1-0"]
[Round "02"]
[TimeControl "180+2"]
[Date "2022.12.20"]
[WhiteClock "0:00:13"]
[BlackClock "0:00:18"]

1. d4 d5 2. c4 e6 3. Nc3 Nf6 4. cxd5 exd5 5. Bg5 Be7 6. e3 O-O 7. Bd3 c6 8. Qc2 h6 9. Bh4 Be6 10. Nf3 Nbd7 11. O-O-O a5 12. Kb1 Ne8 13. Bxe7 Qxe7 14. Rdg1 a4 15. g4 a3 16. b3 c5 17. g5 hxg5 18. Rxg5 cxd4 19. exd4 Rc8 20. Qd2 Qf6 21. Rg3 Nd6 22. Rhg1 Nf5 23. Rg5 Rfd8 24. Nxd5 Bxd5 25. Rxf5 Qc6 26. Qg5 g6 27. Rxd5 Qc3 28. Qd2 Qc6 29. Bc4 Nf8 30. Ne5 Qf6 31. Rxd8 Rxd8 32. Nxf7 Rxd4 33. Ne5+ Rxc4 34. Nxc4 Ne6 35. Qc2 Nf4 36. Ne3 Nd3 37. Rd1 Nxf2 38. Nd5 Qf3 39. Qxg6+ Kf8 40. Qf6+ Qxf6 41. Nxf6 Nxd1 42. Nd7+ Ke7 43. Nc5 Nc3+ 44. Ka1 b5 45. Nd3 Kd6 46. Nb4 Kc5 47. Nc2 b4 48. h4 Ne4 49. h5 Nf6 50. h6 Nh7 51. Kb1 Nf6 52. Kc1 Nh7 53. Kd2 Nf6 54. Ke3 Nh7 55. Kf4 Kd5 56. Kf5 Nf8 57. Nxb4+ Kd4 58. Nc2+ Kc3 59. Nxa3 Kb2 60. b4 Kxa3 61. b5 Kb4 62. b6 Kc5 63. b7 Nd7 64. h7 Kc6 65. h8=Q 1-0


[Site "https://www.chess.com"]